 Seeded DCSS version 0.30-a0-652-gcc886f7154 (webtiles) character file.

Game seed: 15392948941353701127 (custom seed)

7916 BigDaddyOpFi the Missionary (level 11, -4/99 HPs)
             Began as a Hill Orc Monk on Jan 13, 2023.
             Was a Priest of Beogh.
             Slain by a swamp worm (13 damage)
             ... on level 3 of the Lair of Beasts on Jan 17, 2023.
             The game lasted 00:17:17 (11686 turns).

BigDaddyOpFi the Missionary (Hill Orc Monk)        Turns: 11686, Time: 00:17:18

Health: -4/99      AC: 13    Str: 19    XL:     11   Next: 22%
Magic:  10/18      EV:  9    Int: 16    God:    Beogh [***...]
Gold:   626        SH:  0    Dex: 13    Spells: 10/10 levels left

rFire   . . .      SeeInvis .    c - +2 morningstar (drain)
rCold   . . .      Faith    .    (no shield)
rNeg    . . .      Spirit   .    o - +3 chain mail
rPois   .          Reflect  .    m - +1 hat
rElec   .          Harm     .    v - scarf {+Inv}
rCorr   .          Rampage  .    (no gloves)
Will    .....                    d - +0 pair of boots Stlth
                                 B - amulet of the acrobat
HPRegen 0.36/turn                J - +6 ring of intelligence
MPRegen 0.16/turn                y - ring of wizardry

@: very slow
A: no striking features
a: Renounce Religion, Evoke Invisibility, Smiting


You were on level 3 of the Lair of Beasts.
You worshipped Beogh.
Beogh was most pleased with you.
You visited 2 branches of the dungeon, and saw 13 of its levels.

You collected 626 gold pieces.

Inventory:

Hand Weapons
 c - a +2 morningstar of draining (weapon)
 L - the +4 rapier of Spontaneous Combustion {pain, rN+ Will- rCorr Int+3}
   (You found it on level 10 of the Dungeon)

   Int:       It affects your intelligence (+3).
   rN:        It protects you from negative energy.
   rCorr:     It protects you from acid and corrosion.
   Will:      It decreases your willpower.
Missiles
 K - a throwing net
Armour
 d - a +0 pair of boots (worn)
 m - a +1 hat (worn)
 o - a +3 chain mail (worn)
 v - a scarf of invisibility (worn)
Jewellery
 y - a ring of wizardry (right hand)
 B - an amulet of the acrobat (around neck)
 J - a +6 ring of intelligence (left hand)
 N - a ring of ice
Wands
 p - a wand of digging (11)
 t - a wand of roots (17)
 x - a wand of polymorph (10)
 z - a wand of mindburst (10)
 A - a wand of flame (26)
 E - a wand of paralysis (14) (quivered)
Scrolls
 b - 3 scrolls of noise
 e - a scroll of torment
 j - 5 scrolls of poison
 k - 3 scrolls of immolation
 s - a scroll of amnesia
 u - 2 scrolls of teleportation
 D - a scroll of magic mapping
 M - a scroll of blinking
Potions
 f - 2 potions of might {unknown}
 h - a potion of haste
 i - 5 potions of attraction
 n - 3 potions of invisibility {unknown}
 q - a potion of lignification {unknown}
 r - 6 potions of mutation
 w - 3 potions of curing {unknown}
 C - 2 potions of flight
 F - a potion of experience {unknown}
 G - 2 potions of cancellation
 H - a potion of brilliance


   Skills:
 + Level 9.7 Fighting
 - Level 4.3(7.5) Axes
 + Level 8.1(8.4) Maces & Flails
 + Level 6.8 Dodging
 + Level 7.1 Stealth
 * Level 10.3 Invocations


You had 10 spell levels left.
You didn't know any spells.
Your spell library contained the following spells:

 Spells                   Type           Power      Damage    Failure   Level
 Apportation              Tloc           0%         N/A       77%         1
 Necrotise                Necr           0%         1d4       77%         1
 Summon Small Mammal      Summ           0%         N/A       77%         1
 Blink                    Tloc           0%         N/A       88%         2
 Lesser Beckoning         Tloc           0%         N/A       88%         2
 Momentum Strike          Conj/Tloc      0%         3d8       88%         2
 Frozen Ramparts          Ice            0%         1d1       98%         3
 Inner Flame              Hex/Fire       0%         N/A       98%         3
 Flame Wave               Conj/Fire      0%         2d4       100%        4
 Ice Form                 Ice/Tmut       0%         N/A       100%        4
 Sticky Flame             Conj/Fire      0%         2d3       100%        4
 Summon Ice Beast         Ice/Summ       0%         N/A       100%        4
 Conjure Ball Lightning   Conj/Air       0%         3x3d6     100%        6
 Discord                  Hex            0%         N/A       100%        8
 Disjunction              Tloc           0%         N/A       100%        8


Dungeon Overview and Level Annotations

Branches:
Dungeon (10/15)            Temple (0/1) D:4            Lair (3/5) D:10
  Swamp (0/4) Lair:3          Orc (0/2) D:9
  Snake: Lair:2-3    Spider: Lair:2-3

Altars:
Ashenzari
Cheibriados
Fedhas
Gozag
Hepliaklqana
Kikubaaqudgha
Makhleb
Nemelex Xobeh
Okawaru
Ru
Vehumet


Message History

The eight-headed hydra bites you but does no damage.
The eight-headed hydra bites you!
The eight-headed hydra bites you but does no damage.
The eight-headed hydra bites you.
The eight-headed hydra bites you but does no damage.
The eight-headed hydra bites you!
The eight-headed hydra bites you but does no damage.
Aiming: Smiting
Press: ? - help, Dir - move target, f/p - eight-headed hydra Smite: an eight-headed hydra (heavily wounded)
You smite the eight-headed hydra!!
The eight-headed hydra is almost dead.
The swamp worm bites your orc wizard! The eight-headed hydra bites you.
* * * LOW HITPOINT WARNING * * *
The eight-headed hydra closely misses you. x2
The eight-headed hydra bites you but does no damage. x3
The eight-headed hydra bites you.
* * * LOW HITPOINT WARNING * * *
The eight-headed hydra completely misses you.
Aiming: Smiting
Press: ? - help, Dir - move target, f/p - eight-headed hydra Smite: an eight-headed hydra (almost dead)
You smite the eight-headed hydra!!
You kill the eight-headed hydra!
Beogh accepts your kill.
Your orc wizard looks more experienced.
Geork misses the swamp worm.
The swamp worm bites you.
* * * LOW HITPOINT WARNING * * *
Unknown command.
You hit the swamp worm. You drain the swamp worm.
The swamp worm is moderately wounded.
Geork splashes around in the water.
The swamp worm closely misses you.
Your unstable footing causes you to fumble your attack.
The swamp worm bites you!
* * * LOW HITPOINT WARNING * * *
Geork misses the swamp worm.
You hit the swamp worm.
The swamp worm is moderately wounded.
The swamp worm bites you!
You die...

♣♣ ♣♣♣
..♣♣♣ ♣♣§.
....♣
♣§§§♣♣§..
♣♣§~§§§§§♣♣
♣~~§§§§§.§♣
♣..~~§≈.§§♣
♣.wo♣♣
♣♣@§o♣
♣♣~~>♣ ♣♣♣♣


You could see a swamp worm (drained, ally target), the friendly Geork the orc
knight and a friendly orc wizard (strong).

Vanquished Creatures
  Fannar (Lair:1)
  A hydra (Lair:3)
  A komodo dragon (Lair:3)
  A troll (D:10)
  Sigmund (D:4)
  A shadow (D:10)
  11 yaks
  Eustachio (D:4)
  Grum (D:10)
  3 water moccasins
  A swamp worm (Lair:3)
  A black bear (D:4)
  2 orc warriors
  2 sky beasts
  3 wolves (Lair:1)
  An ogre (D:5)
  4 phantoms
  A bullfrog (D:6)
  3 scorpions
  A killer bee (D:8)
  4 hounds
  3 orc priests
  Jessica (D:2)
  A gnoll bouda (D:8)
  An iguana (D:5)
  4 orc wizards
  3 gnolls (D:5)
  7 adders
  2 white imps (D:5)
  2 ufetubi
  4 worms
  2 dart slugs
  8 orcs
  A bat skeleton (D:10)
  A bat zombie (D:10)
  12 endoplasms
  10 goblins
  9 hobgoblins
  4 jackals (D:1)
  16 kobolds
  A quokka (D:3)
  5 ball pythons
  7 bats
  4 frilled lizards
  5 rats
158 creatures vanquished.

Vanquished Creatures (collateral kills)
  Harold (D:10)
  Nergalle (D:10)
  A wyvern (D:8)
  7 yaks
  An acid dragon (D:10)
  2 water moccasins
  6 wolves
  A centaur (D:9)
  2 kobold brigands (D:8)
  4 bullfrogs
  2 vampire bats (D:10)
  2 orc priests
  2 orc wizards (D:8)
  A white imp (D:8)
  6 orcs
  2 bat skeletons (D:10)
  A bat zombie (D:10)
  6 kobolds (D:8)
48 creatures vanquished.

Vanquished Creatures (others)
  2 orc warriors
  An orc priest (Lair:1)
  2 orc wizards
  9 orcs
  2 plants (Lair:1)
16 creatures vanquished.

Grand Total: 222 creatures vanquished

Notes
Turn   | Place    | Note
-------+----------+-------------------------------------------
     0 | D:1      | BigDaddyOpFi the Hill Orc Monk began the quest for the Orb.
     0 | D:1      | Reached XP level 1. HP: 19/19 MP: 1/1
   101 | D:1      | Reached XP level 2. HP: 22/27 MP: 2/2
   277 | D:1      | Identified a scroll of acquirement
   277 | D:1      | Acquired a +2 morningstar of draining
   385 | D:1      | Reached XP level 3. HP: 33/33 MP: 3/3
   785 | D:2      | Found a faded altar of an unknown god.
   790 | D:2      | Found a sacrificial altar of Ru.
   866 | D:2      | Noticed Jessica
   871 | D:2      | Killed Jessica
   872 | D:2      | Reached skill level 1 in Maces & Flails
   872 | D:2      | Reached XP level 4. HP: 36/41 MP: 4/4
  1529 | D:3      | Found a sparkling altar of Nemelex Xobeh.
  1635 | D:3      | Reached XP level 5. HP: 42/47 MP: 5/5
  1894 | D:3      | Found Epyeras's Distillery.
  1979 | D:3      | Found a hazy altar of Hepliaklqana.
  2048 | D:4      | Found a staircase to the Ecumenical Temple.
  2072 | D:4      | Noticed a phantom
  2087 | D:4      | Killed a phantom
  2231 | D:4      | Noticed Sigmund
  2234 | D:4      | Noticed a black bear
  2240 | D:4      | Killed Sigmund
  2241 | D:4      | Reached skill level 5 in Fighting
  2241 | D:4      | Reached XP level 6. HP: 39/56 MP: 6/6
  2254 | D:4      | Killed a black bear
  2255 | D:4      | Reached XP level 7. HP: 27/61 MP: 7/7
  2409 | D:4      | Found a broken altar of Ashenzari.
  2414 | D:4      | Became a worshipper of Beogh the Brigand
  2414 | D:4      | Reached * piety under Beogh
  2414 | D:4      | Reached ** piety under Beogh
  2455 | D:4      | Noticed Eustachio
  2471 | D:4      | Killed Eustachio
  2843 | D:5      | Entered Level 5 of the Dungeon
  3019 | D:5      | HP: 3/63 [ogre/+0 giant club (23)]
  3024 | D:5      | Reached XP level 8. HP: 31/71 MP: 8/8
  3368 | D:5      | Found a blossoming altar of Fedhas.
  4022 | D:6      | Reached skill level 5 in Maces & Flails
  4220 | D:6      | Found a burning altar of Makhleb.
  4531 | D:6      | Reached skill level 1 in Invocations
  4733 | D:7      | Reached skill level 5 in Dodging
  4748 | D:7      | Reached skill level 5 in Stealth
  4849 | D:7      | Reached skill level 2 in Invocations
  4964 | D:7      | Reached *** piety under Beogh
  5104 | D:7      | Found an iron altar of Okawaru.
  5331 | D:8      | Found an opulent altar of Gozag.
  5344 | D:8      | Reached skill level 3 in Invocations
  5344 | D:8      | Reached XP level 9. HP: 70/79 MP: 11/11
  5384 | D:8      | Gained Geork as an ally
  5386 | D:8      | Reached skill level 4 in Invocations
  5608 | D:8      | Reached skill level 5 in Invocations
  6270 | D:8      | Reached **** piety under Beogh
  6738 | D:9      | Reached skill level 6 in Invocations
  6878 | D:9      | Found a snail-covered altar of Cheibriados.
  6910 | D:9      | Found a staircase to the Orcish Mines.
  7252 | D:10     | Entered Level 10 of the Dungeon
  7261 | D:10     | Reached XP level 10. HP: 59/90 MP: 13/15
  7266 | D:10     | Reached skill level 7 in Invocations
  7908 | D:10     | Upgraded the game from 0.30-a0-632-g346586fe48 to
                  | 0.30-a0-652-gcc886f7154
  7996 | D:10     | Noticed Harold
  8004 | D:10     | Killed Harold
  8193 | D:10     | Noticed Nergalle
  8200 | D:10     | Killed Nergalle
  8201 | D:10     | Reached skill level 8 in Invocations
  8626 | D:10     | Noticed Grum
  8637 | D:10     | Killed Grum
  9230 | D:10     | Identified the +4 rapier of Spontaneous Combustion {pain,
                  | rN+ Will- rCorr Int+3}
  9382 | D:10     | Found a staircase to the Lair.
  9424 | D:10     | Found a radiant altar of Vehumet.
  9510 | D:10     | Found an ancient bone altar of Kikubaaqudgha.
 10015 | Lair:1   | Entered Level 1 of the Lair of Beasts
 10101 | Lair:1   | Reached skill level 9 in Invocations
 10505 | Lair:1   | Noticed Fannar
 10522 | Lair:1   | Killed Fannar
 10960 | Lair:1   | Reached XP level 11. HP: 94/97 MP: 18/18
 10997 | Lair:1   | Reached skill level 10 in Invocations
 11668 | Lair:2   | You fall into a shaft and drop 1 floor!
 11668 | Lair:3   | Found a staircase to the Swamp.
 11675 | Lair:3   | Noticed an eight-headed hydra
 11683 | Lair:3   | Killed an eight-headed hydra
 11686 | Lair:3   | Slain by a swamp worm

Illustrated notes

Levels and vault maps discovered:
D:1:      minmay_arrival_nine_rooms, layout_rooms, serial_aquarium,
          aquarium_bridge_straight [aquarium_subvault_bridge,
          aquarium_subvault_window, aquarium_subvault_bridge,
          aquarium_subvault_window], aquarium_bridge_straight
          [aquarium_subvault_bridge, aquarium_subvault_wall,
          aquarium_subvault_bridge, aquarium_subvault_wall],
          aquarium_window_fake, aquarium_window_1, aquarium_window_fake,
          aquarium_window_2, aquarium_view_2e, aquarium_balcony_double_1
D:2:      kennysheep_the_goblin_king, layout_basic, basic_altar,
          basic_ecumenical_altar, uniq_jessica
D:3:      layout_rooms, old_standard_altar, nicolae_hepliaklqana_hippocampus,
          serial_shops, shop_fountains
D:4:      layout_basic, evilmike_ruin_ashenzari, minmay_temple_entry_statues,
          uniq_sigmund, uniq_eustachio
D:5:      minmay_evil_eye, layout_gridville, fedhas_altar_1
D:6:      layout_basic, bloody_makhleb
D:7:      layout_cave_pools, lemuel_doored_altar
D:8:      layout_loops_ring, nicolae_gozag_seed_capital,
          minmay_fractal_squares_gapless_5
D:9:      layout_rooms, mainiacjoe_overflow_alcove_1, orc_0_dummy
D:10:     layout_small_grid, kennysheep_vampire_church, vehumet_crystals,
          lair_entry_dummy, uniq_grum, uniq_harold, uniq_nergalle
Lair:1:   layout_concentric_octagons, uniq_fannar
Lair:2:   layout_layer_cave, spider_nest_entry_web_field
Lair:3:   layout_small_grid, palyth_hydra_swamp_entry,
          grunt_forest_large_clearings

Skill      XL: |  1  2  3  4  5  6  7  8  9 10 11 |
---------------+----------------------------------+-----
Fighting       | 4 5 6 7 8 9 |  9.7
Stealth        | 2 3 4 5 6 7 |  7.1
Maces & Flails | 1 3 4 5 6 7 8 |  8.1
Dodging        | 3 4 5 6 |  6.8
Invocations    | 3 6 9 10 | 10.3
Axes           | |  4.3

Action                   |  1- 3 |  4- 6 |  7- 9 | 10-12 || total
-------------------------+-------+-------+-------+-------++-------
Melee: Hand axe          |    45 |       |       |       ||    45
       Punch             |     1 |     2 |     1 |       ||     4
       Morningstar       |    50 |   109 |   273 |   105 ||   537
Invok: Convert to Beogh  |       |       |     1 |       ||     1
       Recall Orcish Fol |       |       |     1 |     5 ||     6
       Smiting           |       |       |       |     5 ||     5
       Stop Recall       |       |       |       |     2 ||     2
  Use: Potion            |     1 |     3 |     2 |     1 ||     7
       Scroll            |     1 |       |    12 |     2 ||    15
 Stab: Sleeping          |     5 |     2 |       |       ||     7
       Distracted        |       |       |     2 |     2 ||     4
       Confused          |       |       |       |     1 ||     1
Armor: Robe              |    21 |     2 |       |       ||    23
       Scale mail        |       |    49 |       |       ||    49
       Chain mail        |       |    51 |   254 |    80 ||   385
Dodge: Dodged            |    93 |    84 |   161 |   124 ||   462

Table legend: (Time is in decaauts)
 A = Elapsed time spent in this place.
 B = Non-inter-level travel time spent in this place.
 C = Inter-level travel time spent in this place.
 D = Time resting spent in this place.
 E = Time spent auto-exploring this place.
 F = Levels seen in this place.
 G = Mean time per level.
                   A        B        C        D        E       F      G
               +--------+--------+--------+--------+--------+-----+--------+
         Total |  11803 |  11467 |    336 |   3552 |   5579 |  13 |  907.9 |
       Dungeon |  10181 |   9888 |    293 |   2568 |   5268 |  10 | 1018.1 |
          Lair |   1621 |   1578 |     43 |    984 |    311 |   3 |  540.3 |
               +--------+--------+--------+--------+--------+-----+--------+

Top non-repeatable levels by time:
    D:10: 2814 daAuts
  Lair:1: 1524 daAuts
     D:8: 1377 daAuts
     D:5: 1064 daAuts
     D:4: 826 daAuts
     D:6: 807 daAuts
     D:2: 803 daAuts
     D:1: 731 daAuts
     D:7: 649 daAuts
     D:9: 554 daAuts
     D:3: 552 daAuts
  Lair:2: 79 daAuts
  Lair:3: 18 daAuts
